 Dungeon Crawl Stone Soup version 0.31.0-32-g396128a36d (webtiles) character file.

Game seed: 15473658914184790073

31 jagang the Slasher (level 3, -1/29 HPs)
             Began as a Human Monk on Mar 15, 2024.
             Slain by Robin
             ... wielding a +0 falchion
              (3 damage)
             ... on level 2 of the Dungeon.
             The game lasted 00:01:40 (846 turns).

jagang the Slasher (Human Monk)                      Turns: 846, Time: 00:01:41

Health: -1/29      AC:  8    Str: 11    XL:     3   Next: 22%
Magic:  3/3        EV:  6    Int: 10    God:
Gold:   30         SH:  0    Dex: 17    Spells: 2/2 levels left

rFire   . . .        a - +0 falchion
rCold   . . .        d - orb {light}
rNeg    . . .        m - +0 chain mail
rPois   .            (no helmet)
rElec   .            (no cloak)
rCorr   .            (no gloves)
SInv    .            (no boots)
Will    .....        (no amulet) Stlth
                     (no ring)
HPRegen 0.24/turn    (no ring)
MPRegen 0.08/turn

%: no passive effects
@: glowing
A: explore regen
a: no special abilities


You were on level 2 of the Dungeon.
You visited 1 branch of the dungeon, and saw 2 of its levels.

You collected 30 gold pieces.

Inventory:

Hand Weapons
 a - a +0 falchion (weapon)
Armour
 b - a +0 robe
 d - an orb of light (worn)
 m - a +0 chain mail (worn)
Scrolls
 g - a scroll of noise {unknown}
 h - a scroll of enchant armour {unknown}
 i - a scroll of enchant weapon {unknown}
 j - a scroll of identify {unknown}
 l - a scroll of fear {unknown}
Potions
 c - a potion of ambrosia
 e - a potion of heal wounds {unknown}
 f - a potion of attraction {unknown}
 k - a potion of magic {unknown}
 n - 2 potions of degeneration {unknown}


   Skills:
 + Level 3.3 Fighting
 * Level 3.7 Long Blades
 - Level 3.0 Dodging
 + Level 1.1 Invocations


You had 2 spell levels left.
You didn't know any spells.
Your spell library contained the following spells:

 Spells                   Type           Power      Damage    Failure   Level
 Summon Ice Beast         Ice/Summ       0%         N/A       100%        3
 Summon Mana Viper        Hex/Summ       0%         N/A       100%        5
 Monstrous Menagerie      Summ           0%         N/A       100%        7


Dungeon Overview and Level Annotations

Branches:
Dungeon (2/15)

Altars:

Annotations:
D:2 Robin


Innate Abilities, Weirdness & Mutations

You regain HP and MP as you explore.


Message History

Things that are here:
a +0 dagger; a +4 dagger; a goblin corpse You slash the goblin!
You kill the goblin!
The endoplasm hits you. The endoplasm freezes you.
You are frozen.
Robin hits you but does no damage.
A goblin comes into view. It is wielding a +0 club.
Things that are here:
a +0 dagger; a goblin corpse You hit Robin but do no damage.
The endoplasm hits you but does no damage.
Robin throws the goblin at you! The goblin hits you but does no damage.
You hit Robin.
Robin is lightly wounded.
The endoplasm barely misses you. Robin hits you with a +0 falchion.
The goblin hits you with a +0 club.
You hit Robin.
Robin is moderately wounded.
The endoplasm closely misses you. Robin hits you with a +0 falchion.
A goblin comes into view. It is wielding a +0 club.
The goblin hits you with a +0 club.
You hit Robin but do no damage.
Robin is moderately wounded.
The endoplasm hits you but does no damage.
The goblin hits you with a +0 club.
A goblin comes into view. It is wielding a +0 club.
Robin throws the goblin at you! The goblin hits you but does no damage.
The goblin barely misses you. The goblin hits you with a +0 club.
Robin hits you with a +0 falchion.
* * * LOW HITPOINT WARNING * * *
You hit the goblin.
You kill the goblin!
Robin throws the goblin at you! The goblin hits you with a +0 club.
* * * LOW HITPOINT WARNING * * *
You hit the goblin.
The goblin is heavily wounded.
Robin hits you with a +0 falchion.
You die...
Robin calls out, "Let's celebrate!
Time for a feast!"

##.#.....<....#
#....#........#
#..#.#.)......#
##..#.#........#
+...#...........#
###.###........##
#.###)###........#
#....Jg)#........#
#####.#@#.)......
.g.#g# ###.#.#
..#.# #.#.. #.###
#.#


You could see Robin, an endoplasm and a goblin (strong).

Vanquished Creatures
  A dart slug (D:1)
  A giant cockroach (D:1)
  8 goblins
  5 hobgoblins (D:1)
  A quokka (D:1)
  2 ball pythons (D:1)
  A bat (D:1)
  A frilled lizard (D:1)
  4 kobolds (D:1)
  A rat (D:1)
25 creatures vanquished.

Notes
Turn   | Place    | Note
-------+----------+-------------------------------------------
     0 | D:1      | jagang the Human Monk began the quest for the Orb.
     0 | D:1      | Reached XP level 1. HP: 18/18 MP: 1/1
   210 | D:1      | Reached XP level 2. HP: 23/24 MP: 2/2
   597 | D:1      | Reached skill level 1 in Invocations
   597 | D:1      | Reached XP level 3. HP: 27/29 MP: 3/3
   835 | D:2      | Noticed Robin
   845 | D:2      | HP: 1/29 [goblin/+0 club[Robin] (5)]
   846 | D:2      | Slain by Robin

Illustrated notes

Levels and vault maps discovered:
D:1:      lemuel_arrival_room, layout_loops_ring, chequers_serial_rivers_large_a
D:2:      layout_basic, uniq_robin, uniq_jessica

Skill      XL: |  1  2 |
---------------+-------+-----
Invocations    | 1 |  1.1
Fighting       | |  3.3
Long Blades    | |  3.7
Dodging        | |  3.0

Action                     || total
---------------------------++-------
  Melee: Falchion          ||    78
 Armour: Robe              ||    36
         Chain mail        ||    22
  Dodge: Dodged            ||    50
